 Dungeon Crawl Stone Soup version 0.28-a0-957-g42eb19b844 (webtiles) character file.

Game seed: 13111845289044356567

606 ryw the Sneak (level 7, -2/52 HPs)
             Began as a Human Brigand on Nov 30, 2021.
             Splashed by a jelly's acid (9 damage)
             ... on level 4 of the Dungeon.
             The game lasted 00:06:55 (4886 turns).

ryw the Sneak (Human Brigand)                       Turns: 4886, Time: 00:06:58

Health: -2/52      AC:  2    Str: 11    XL:     7   Next: 71%
Magic:  7/7        EV: 12    Int: 11    God:
Gold:   194        SH:  4    Dex: 17    Spells: 6/6 levels left

rFire   . . .      SeeInvis .   a - +2 dagger
rCold   . . .      Faith    .   r - +0 buckler
rNeg    . . .      Spirit   .   b - +0 robe
rPois   .          Reflect  .   z - +0 helmet
rElec   .          Harm     .   c - +0 cloak
rCorr   .          Rampage  .   i - +1 pair of gloves
Will    .....                   (no boots)
Stlth   +++.......              h - amulet of the acrobat
HPRegen 0.17/turn               (no ring)
MPRegen 0.10/turn               (no ring)

@: corroded
A: no striking features
a: no special abilities


You were on level 4 of the Dungeon.
You visited 1 branch of the dungeon, and saw 4 of its levels.

You collected 194 gold pieces.

Inventory:

Hand Weapons
 a - a +2 dagger (weapon)
 l - a +0 dagger of holy wrath
Missiles
 d - 16 poisoned darts (quivered)
 k - a throwing net
 m - 2 curare-tipped darts
 s - 7 boomerangs
Armour
 b - a +0 robe (worn)
 c - a +0 cloak (worn)
 i - a +1 pair of gloves (worn)
 r - a +0 buckler (worn)
 z - a +0 helmet (worn)
Jewellery
 h - an amulet of the acrobat (around neck)
 o - a ring of positive energy
 q - a ring of ice
Wands
 t - a wand of digging (4)
Scrolls
 e - 4 scrolls of identify {unknown}
 n - a scroll of brand weapon {unknown}
 u - a scroll of enchant weapon {unknown}
 w - 2 scrolls of torment {unknown}
 y - a scroll of magic mapping {unknown}
Potions
 f - 2 potions of haste
 g - a potion of mutation {unknown}
 j - a potion of invisibility {unknown}
 p - a potion of flight {unknown}
 v - 2 potions of lignification {unknown}
 x - a potion of cancellation {unknown}
 A - a potion of curing {unknown}


   Skills:
 + Level 3.5 Fighting
 * Level 4.8 Short Blades
 + Level 3.5 Throwing
 + Level 3.0 Dodging
 + Level 5.2 Stealth
 + Level 1.4 Shields


You had 6 spell levels left.
You didn't know any spells.
Your spell library was empty.

Dungeon Overview and Level Annotations

Branches:
Dungeon (4/15)
 Temple: D:4-7

Altars:


Message History

The jelly barely misses you.
You hit the jelly.
Your hands burn!
The jelly is moderately wounded.
The jelly hits you but does no damage.
You hit the jelly.
Your hands burn!
The jelly is heavily wounded.
The jelly hits you. The acid corrodes you!
You are splashed with acid.
You hit the jelly.
Your hands burn!
The jelly is heavily wounded.
The jelly closely misses you.
You hit the jelly.
Your hands burn!
The jelly is severely wounded.
The jelly hits you but does no damage.
You hit the jelly but do no damage.
Your hands burn!
The jelly is severely wounded.
You are too injured to fight recklessly!
You are too injured to fight recklessly!
You are too injured to fight recklessly!
You are too injured to fight recklessly!
You hit the jelly but do no damage.
Your hands burn!
The jelly is severely wounded.
You block the jelly's attack.
You hit the jelly but do no damage.
Your hands burn!
The jelly is severely wounded.
The jelly misses you.
You hit the jelly.
Your hands burn!
The jelly is almost dead.
The jelly closely misses you.
You hit the jelly.
Your hands burn!
* * * LOW HITPOINT WARNING * * *
The jelly is almost dead.
The jelly completely misses you.
You hit the jelly but do no damage.
Your hands burn!
* * * LOW HITPOINT WARNING * * *
The jelly is almost dead.
The jelly jiggles.
The jelly hits you.
* * * LOW HITPOINT WARNING * * *
You are splashed with acid!
You die...

###### #....#
#############....####### ###
.......... ......#..........#
.......# ####...(...........#
.....# .......J#..........#
.....## ##...@...........#
......######.....#.$........###
#.#..............#########....#
..............................#
#.######....##...#########....#
#.# #...######.# #....#
..#####...# #.# ###.##
.....##...# #...## ##..#
.#...##..(## ### ... #..##


You could see a jelly.

Vanquished Creatures
  An ice beast (D:4)
  An ogre (D:4)
  A scorpion (D:4)
  A jelly (D:4)
  2 hounds
  An iguana (D:4)
  Jessica (D:2)
  Ijyb (D:3)
  A hound zombie (D:3)
  3 gnolls (D:2)
  7 adders
  An adder skeleton (D:4)
  3 worms
  A dart slug (D:1)
  5 orcs
  4 ball pythons
  7 bats
  4 endoplasms
  3 giant cockroaches (D:2)
  8 goblins
  6 hobgoblins
  2 jackals (D:1)
  3 quokkas
  3 frilled lizards
  6 kobolds
  3 rats
79 creatures vanquished.

Notes
Turn   | Place    | Note
-------+----------+-------------------------------------------
     0 | D:1      | ryw the Human Brigand began the quest for the Orb.
     0 | D:1      | Reached XP level 1. HP: 16/16 MP: 1/1
     6 | D:1      | Noticed a scorpion
     6 | D:1      | Noticed a water moccasin
     6 | D:1      | Noticed a hound
     7 | D:1      | Noticed a komodo dragon
     7 | D:1      | Noticed a polar bear
   216 | D:1      | Found a faded altar of an unknown god.
   239 | D:1      | Reached XP level 2. HP: 22/22 MP: 2/2
   698 | D:1      | Reached XP level 3. HP: 27/27 MP: 3/3
  1788 | D:2      | Reached XP level 4. HP: 28/34 MP: 4/4
  1885 | D:2      | Noticed Jessica
  2110 | D:2      | Killed Jessica
  2111 | D:2      | Reached XP level 5. HP: 39/39 MP: 5/5
  2839 | D:3      | Reached XP level 6. HP: 32/46 MP: 6/6
  3148 | D:3      | Noticed Ijyb
  3161 | D:3      | Killed Ijyb
  4063 | D:4      | Noticed an ice beast
  4080 | D:4      | Killed an ice beast
  4081 | D:4      | Reached skill level 5 in Stealth
  4081 | D:4      | Reached skill level 1 in Shields
  4081 | D:4      | Reached XP level 7. HP: 14/52 MP: 7/7
  4886 | D:4      | Splashed by a jelly's acid

Illustrated notes

Levels and vault maps discovered:
D:1:      onia_arrival_zoo_common, layout_basic,
          shapermc_ecumenical_altar_mp_ritualfount, serial_curves,
          eino_curves_02, eino_curves_02, eino_curves_01
D:2:      layout_loops_ring, uniq_jessica
D:3:      layout_basic, uniq_ijyb
D:4:      layout_rooms

Skill      XL: |  1  2  3  4  5  6  7 |
---------------+----------------------+-----
Short Blades   | 3 4 |  4.8
Dodging        | 2 3 |  3.0
Fighting       | 3 |  3.5
Throwing       | 3 |  3.5
Stealth        | 5 |  5.2
Shields        | 1 |  1.4

Action                   |  1- 3 |  4- 6 |  7- 9 || total
-------------------------+-------+-------+-------++-------
Melee: Dagger            |    97 |   153 |    46 ||   296
Throw: Dart              |       |    35 |     9 ||    44
 Stab: Sleeping          |    11 |     8 |     1 ||    20
Armor: Robe              |    24 |    34 |    11 ||    69
Dodge: Dodged            |    46 |    94 |    28 ||   168
Block: Buckler           |       |    28 |     3 ||    31

Table legend: (Time is in decaauts)
 A = Elapsed time spent in this place.
 B = Non-inter-level travel time spent in this place.
 C = Inter-level travel time spent in this place.
 D = Time resting spent in this place.
 E = Time spent auto-exploring this place.
 F = Levels seen in this place.
 G = Mean time per level.
                   A        B        C        D        E       F      G
               +--------+--------+--------+--------+--------+-----+--------+
         Total |   4846 |   4758 |     88 |   1291 |   2617 |   4 | 1211.5 |
       Dungeon |   4846 |   4758 |     88 |   1291 |   2617 |   4 | 1211.5 |
               +--------+--------+--------+--------+--------+-----+--------+

Top non-repeatable levels by time:
     D:1: 1414 daAuts
     D:2: 1318 daAuts
     D:4: 1135 daAuts
     D:3: 979 daAuts
